 Dungeon Crawl Stone Soup version 0.23-a0-386-g9c9d49f (webtiles) character file.

4475 Cryolive the Geomancer (level 10, -16/90 HPs)
             Began as a Gargoyle Earth Elementalist on Oct 28, 2018.
             Was a Priest of Vehumet.
             Demolished by an orc knight
             ... wielding a +0 halberd
              (24 damage)
             ... in a bailey.
             The game lasted 00:42:24 (9914 turns).

Cryolive the Geomancer (GrEE)                       Turns: 9914, Time: 00:42:25

Health: -16/90     AC: 14    Str: 14 (16) XL:     10   Next: 38%
Magic:  4/19       EV: 13    Int: 17 (20) God:    Vehumet [***...]
Gold:   591        SH:  0    Dex:  8 (10) Spells: 12/21 levels left

rFire    . . .     SeeInvis .   D - +3 quarterstaff (chaos)
rCold    . . .     Gourm    .   (shield currently unavailable)
rNeg     + . .     Faith    .   c - +0 robe
rPois    ∞         Spirit   .   (no helmet)
rElec    +         Reflect  .   v - +0 cloak
rCorr    +         Harm     .   (no gloves)
MR       .....                  (no boots)
Stlth    ..........             n - amulet of regeneration
HPRegen  0.65/turn              x - ring of resist corrosion
MPRegen  0.16/turn              u - +3 ring of protection

@: berserking, very slightly contaminated, very quick
A: negative energy resistance 1, electricity resistance, unbreathing,
petrification resistance, rot immunity, AC +7
a: Renounce Religion


You were in a bailey.
You worshipped Vehumet.
Vehumet was most pleased with you.
You were hungry.

You visited 1 branch of the dungeon, and saw 8 of its levels.
You also visited: Ossuary and Bailey.

You collected 591 gold pieces.

Inventory:

Hand Weapons
 z - a +2 whip of freezing
 D - a +3 quarterstaff of chaos (weapon)
Missiles
 y - 76 stones (quivered)
Armour
 c - a +0 robe (worn)
 g - a scarf of repulsion
 v - a +0 cloak (worn)
Jewellery
 k - an uncursed ring of protection from fire
 n - an amulet of regeneration (around neck)
 u - a +3 ring of protection (right hand)
 x - a ring of resist corrosion (left hand)
Wands
 s - a wand of random effects (21)
 E - a wand of digging (17)
Scrolls
 e - 2 scrolls of identify
 h - a scroll of blinking
 o - 8 scrolls of teleportation
 p - a scroll of enchant weapon
 q - a scroll of magic mapping
 t - a scroll of holy word
 B - a scroll of noise
Potions
 b - a potion of cancellation
 j - a potion of berserk rage
 l - 7 potions of ambrosia
 m - 3 potions of might {unknown}
 r - 3 potions of heal wounds {unknown}
 w - 4 potions of brilliance
 A - 3 potions of flight
 C - a potion of invisibility {unknown}
Comestibles
 a - a chunk of flesh
 d - 9 rations


   Skills:
 + Level 5.8 Fighting
 + Level 2.5 Staves
 - Level 6.0 Armour
 + Level 5.0 Dodging
 - Level 2.1 Stealth
 + Level 6.1 Spellcasting
 + Level 6.4 Conjurations
   Level 0.7 Transmutations
 + Level 8.4 Earth Magic
 + Level 0.8 Evocations


You had 12 spell levels left.
You knew the following spells:

 Your Spells              Type           Power        Failure   Level  Hunger
a - Sandblast             Erth           ####..       1%          1    None
b - Stone Arrow           Conj/Erth      ####..       1%          3    ##.....
c - Lee's Rapid Deconstr  Erth           ####......   3%          5    #####..

Your spell library contained the following spells:

 Spells                   Type           Power        Failure   Level  Hunger
 Fulminant Prism          Conj/Hex       ###.......   10%         4    ####...
 Passwall                 Tmut/Erth      ###.....     3%          2    None
 Petrify                  Tmut/Erth      ###.....     19%         4    ####...


Dungeon Overview and Level Annotations

Branches:
Dungeon (8/15)             Temple (0/1) D:6            Lair (0/6) D:8

Altars:
Ashenzari
Dithmenos
Elyvilon
Okawaru
Vehumet
Yredelemnul
Beogh

Shops:
D:7 !


Innate Abilities, Weirdness & Mutations

You are resistant to torment.
Your stone body is resilient. (AC +7)
You are immune to poison.
You resist negative energy. (rN+)
You are resistant to electric shocks. (rElec)
You can survive without breathing.
You are immune to petrification.
You are immune to rotting.


Message History

Okay, then.
It was a potion of degeneration.
There was something very wrong with that liquid.
You feel weakened.
You feel dopey.
You feel clumsy.
It was a potion of berserk rage.
A red film seems to cover your vision as you go berserk!
You feel yourself moving faster!
You feel mighty!
The orc knight goes into a battle-frenzy!
You are too berserk!
You are too berserk!
You feel a strong urge to attack something.
Things that are here:
a +0 glaive; a +0 scale mail Something hits you!!
* * * LOW HITPOINT WARNING * * *
You bludgeon something!! You burn something.
An orc knight appears from thin air!
Reactivating autopickup.
The orc knight hits you with a +0 halberd!!
You die...

#.§[#
###'###
##.....##
#.......#
#...o)..#
#.......#
#.......#
#...o)..#
#...@...#
#...))..#
#...))))#
#∩....)∩#
#.......#
##..∩..##
#######


You could see 2 orc knights.

Vanquished Creatures
  Pikel (D:6)
  A hippogriff (D:7)
  A steam dragon (D:7)
  7 orc warriors
  2 ice beasts
  A phantom (D:5)
  A black bear (D:8)
  3 ogres
  A centaur (D:6)
  An elf zombie (Ossuary)
  A gnoll sergeant (D:4)
  A bullfrog (D:6)
  A scorpion (D:5)
  3 wights (D:6)
  2 howler monkeys
  3 centaur zombies
  4 crimson imps
  A human zombie (Ossuary)
  4 orc priests
  3 hounds
  2 bullfrog skeletons
  3 gnoll shamans
  Crazy Yiuf (D:6)
  2 iguanas
  14 orc wizards
  A worker ant (D:8)
  A hound zombie (D:7)
  2 mummies (Ossuary)
  49 gnolls
  5 adders
  4 shadow imps
  An ooze (D:2)
  2 adder skeletons
  2 adder zombies (Ossuary)
  2 worms
  2 dart slugs
  2 leopard geckos
  53 orcs
  A ball python (D:1)
  9 bats
  5 giant cockroaches
  6 goblins
  5 hobgoblins
  26 jackals
  2 quokkas
  4 frilled lizards
  A goblin zombie (Ossuary)
  13 hobgoblin zombies (Ossuary)
  A jackal zombie (Ossuary)
  6 kobolds
  7 kobold zombies (Ossuary)
  A leopard gecko zombie (D:5)
  6 orc zombies (Ossuary)
  10 rats
  2 rat zombies (Ossuary)
295 creatures vanquished.

Vanquished Creatures (others)
  An orc wizard (D:6)
  A shadow imp (D:6)
  2 orcs (D:6)
  A giant cockroach (D:6)
  3 jackals (D:6)
8 creatures vanquished.

Grand Total: 303 creatures vanquished

Notes
Turn   | Place    | Note
-------+----------+-------------------------------------------
     0 | D:1      | Cryolive the Gargoyle Earth Elementalist began the quest
                  | for the Orb.
     0 | D:1      | Reached XP level 1. HP: 10/10 MP: 3/3
   181 | D:1      | Reached XP level 2. HP: 14/15 MP: 5/5
   197 | D:1      | Reached skill level 4 in Earth Magic
   719 | D:2      | Reached XP level 3. HP: 11/19 MP: 4/6
   725 | D:2      | Learned a level 3 spell: Stone Arrow
  1213 | D:2      | Found a faded altar of an unknown god.
  1300 | D:2      | Reached skill level 1 in Conjurations
  1598 | D:3      | Reached XP level 4. HP: 24/24 MP: 5/8
  2667 | D:4      | Reached skill level 5 in Earth Magic
  2672 | D:4      | Reached XP level 5. HP: 28/28 MP: 1/9
  2685 | D:4      | Learned a level 5 spell: Lee's Rapid Deconstruction
  3018 | D:4      | Reached skill level 1 in Armour
  3050 | D:4      | Reached skill level 1 in Fighting
  3057 | D:4      | Reached XP level 6. HP: 28/34 MP: 3/11
  3561 | D:4      | Reached XP level 7. HP: 39/39 MP: 12/12
  4358 | D:4      | Reached skill level 6 in Earth Magic
  5024 | D:5      | Entered Level 5 of the Dungeon
  5073 | D:5      | Reached XP level 8. HP: 43/45 MP: 7/14
  5616 | D:5      | Found an iron altar of Okawaru.
  5634 | D:5      | Found a white marble altar of Elyvilon.
  5643 | D:5      | Found a basalt altar of Yredelemnul.
  5643 | D:5      | Found a shadowy altar of Dithmenos.
  5992 | D:5      | Found a shattered altar of Ashenzari.
  5996 | D:5      | Found a radiant altar of Vehumet.
  6000 | D:5      | Became a worshipper of Vehumet
  6490 | D:6      | Found a runed door.
  6550 | D:6      | Reached skill level 7 in Earth Magic
  6684 | D:6      | Reached skill level 5 in Spellcasting
  6684 | D:6      | Reached XP level 9. HP: 52/52 MP: 6/16
  6729 | D:6      | Noticed Pikel
  6792 | D:6      | Killed Pikel
  6792 | D:6      | Reached skill level 5 in Conjurations
  6838 | D:6      | Identified the +5 short sword of Teitudomn {pierce, rF+ rN+
                  | Dex+4}
  6940 | D:6      | Found a sand-covered staircase.
  6949 | Ossuary  | Entered an ossuary
  6985 | Ossuary  | Reached * piety under Vehumet
  6985 | Ossuary  | Offered knowledge of Shock by Vehumet.
  7171 | Ossuary  | Reached skill level 5 in Armour
  7184 | Ossuary  | Offered knowledge of Throw Flame by Vehumet.
  7228 | Ossuary  | Reached ** piety under Vehumet
  7481 | D:6      | Found a staircase to the Ecumenical Temple.
  7521 | D:6      | Reached skill level 5 in Fighting
  7652 | D:6      | Noticed Crazy Yiuf
  7654 | D:6      | Killed Crazy Yiuf
  7726 | D:7      | Found Yptang's Distillery.
  8252 | D:6      | Reached skill level 1 in Staves
  8526 | D:7      | Reached skill level 8 in Earth Magic
  8533 | D:7      | Reached XP level 10. HP: 38/59 MP: 18/18
  8881 | D:7      | Offered knowledge of Dazzling Spray by Vehumet.
  9320 | D:8      | Found a roughly hewn altar of Beogh.
  9500 | D:8      | Reached *** piety under Vehumet
  9512 | D:8      | Found a flagged portal.
  9532 | Bailey   | Entered a bailey
  9552 | Bailey   | Offered knowledge of Fulminant Prism by Vehumet.
  9820 | Bailey   | Noticed an orc knight
  9859 | Bailey   | Reached skill level 5 in Dodging
  9903 | Bailey   | Noticed an orc knight
  9904 | Bailey   | Identified a scroll of acquirement
  9914 | Bailey   | Demolished by an orc knight

Vault maps used:
D:1:      grunt_arrival_lava_bath, minmay_misc_feat_iff, minivault_14,
          kennysheep_another_room
D:2:      chequers_ecumenical_altar_lobes
D:4:      lemuel_castle_with_subvaults
D:5:      minitemple, grunt_temple_overflow_open, first_ration
D:6:      minmay_temple_entry_hall, nicolae_ossuary_entry_monument, uniq_pikel,
          uniq_crazy_yiuf_cottage
D:7:      minmay_flawed_box, serial_shops, nicolae_shop_statue_plus
D:8:      due_lair_maze_entry_diamond, serial_undead, serial_undead_d,
          serial_undead_b, serial_undead_d, serial_undead_a, special_room,
          enter_bailey_3
Ossuary:  ossuary_tomb_1
Bailey:   bailey_polearm_5, bailey

Skill      XL: |  1  2  3  4  5  6  7  8  9 10 |
---------------+-------------------------------+-----
Earth Magic    | 4 5 6 7 8 |  8.4
Conjurations   | 1 2 3 4 5 6 |  6.4
Spellcasting   | 3 4 5 6 |  6.1
Armour         | 1 2 3 4 5 6 |  6.0
Fighting       | 1 2 4 5 |  5.8
Dodging        | 2 3 4 5 |  5.0
Staves         | 1 2 |  2.5
Stealth        | |  2.1
Transmutations | |  0.7
Evocations     | |  0.8

Action                   |  1- 3 |  4- 6 |  7- 9 | 10-12 || total
-------------------------+-------+-------+-------+-------++-------
Melee: Whip              |   161 |    24 |   246 |       ||   431
       Flail             |       |   137 |   290 |       ||   427
       Quarterstaff      |       |       |    50 |    79 ||   129
 Cast: Sandblast         |    18 |    54 |    22 |    32 ||   126
       Stone Arrow       |       |     4 |    95 |    34 ||   133
       Lee's Rapid Decon |       |       |     1 |     6 ||     7
  Use: Scroll            |       |       |     4 |    11 ||    15
       Potion            |       |       |       |    11 ||    11
 Stab: Sleeping          |     5 |       |     2 |       ||     7
       Paralysed         |       |       |       |     1 ||     1
  Eat: Chunk             |     3 |     6 |    20 |     4 ||    33
       Ration            |       |       |     1 |     1 ||     2
Armor: Robe              |    72 |    85 |   352 |    61 ||   570
Dodge: Dodged            |   127 |   205 |   485 |    98 ||   915

Table legend:
 A = Non-vault XP
 B = Vault XP
 C = Vault XP percentage of total XP
 D = Non-vault monster count
 E = Vault monster count
 F = Vault count percentage of total count
                 A         B        C        D         E       F
            +---------+---------+-------+---------+---------+-------
      Total |    3220 |    3173 |  49.6 |     149 |     148 |  49.8
            +---------+---------+-------+---------+---------+-------
        D:1 |      32 |       0 |   0.0 |      21 |       0 |   0.0
        D:2 |      49 |       0 |   0.0 |      24 |       0 |   0.0
        D:3 |      18 |       0 |   0.0 |       8 |       0 |   0.0
        D:4 |     372 |     721 |  66.0 |      28 |      54 |  65.9
        D:5 |     861 |       0 |   0.0 |      18 |       0 |   0.0
        D:6 |    1007 |     668 |  39.9 |      28 |       2 |   6.7
        D:7 |     790 |     447 |  36.1 |      18 |       9 |  33.3
        D:8 |      91 |     280 |  75.5 |       4 |      11 |  73.3
    Ossuary |       0 |     311 | 100.0 |       0 |      38 | 100.0
     Bailey |       0 |     746 | 100.0 |       0 |      34 | 100.0
            +---------+---------+-------+---------+---------+-------
